 Dungeon Crawl Stone Soup version 0.31-a0-1370-gf52a5a9 (webtiles) character file.

Game seed: 11747603573993556696

129279 sdynet the Warrior (level 17, -17/201 HPs)
             Began as an Oni Gladiator on Dec 23, 2023.
             Was a Believer of Uskayaw.
             Demolished by an emperor scorpion (23 damage)
             ... on level 1 of the Spider Nest.
             The game lasted 01:42:35 (19649 turns).

sdynet the Warrior (Oni Gladiator)                 Turns: 19649, Time: 01:42:35

Health: -17/201    AC: 10    Str: 26    XL:     17   Next: 5%
Magic:  21/21      EV: 11    Int:  9    God:    Uskayaw [**....]
Gold:   1415       SH: 12    Dex: 12    Spells: 16/16 levels left

rFire   + . .        a - +6 scimitar (flame)
rCold   + . .        v - +1 kite shield {rC+ rF+}
rNeg    . . .        q - melded +2 robe {Will+}
rPois   +            N - +0 hat {Will+}
rElec   .            c - +2 cloak {Will+}
rCorr   .            (gloves unavailable)
SInv    .            (boots unavailable)
Will    +++..        P - amulet of regeneration
Stlth   ++           i - +4 ring of protection
HPRegen 1.33/turn    o - ring of poison resistance
MPRegen 0.17/turn

%: no passive effects
@: maw-form
A: devouring maw, large, unfitting armour, horns 1, tough skin 1, double potion
healing, drunken brawling, hooves 1, iridescent scales 1
a: Begin Untransformation, Renounce Religion, Stomp, Line Pass


You were on level 1 of the Spider Nest.
You worshipped Uskayaw.
Uskayaw was noncommittal.
You were a creature with a mouth for a stomach.
You visited 6 branches of the dungeon, and saw 23 of its levels.
You also visited: Sewer, Ossuary, Ice Cave and Volcano.

You collected 3593 gold pieces.
You spent 2178 gold pieces at shops.

Inventory:

Hand Weapons
 a - a +6 scimitar of flaming (weapon)
Missiles
 d - 3 throwing nets
 e - 5 large rocks (quivered)
 h - 3 datura-tipped darts
 O - 4 silver javelins
 W - 12 boomerangs
 Z - 43 poisoned darts
Armour
 c - a +2 cloak of willpower (worn)
 j - a +0 tower shield
 q - a +2 robe of willpower (melded)
 v - a +1 kite shield of resistance (worn)
 N - a +0 hat of willpower (worn)
Jewellery
 b - an amulet of the acrobat
 i - a +4 ring of protection (left hand)
 o - a ring of poison resistance (right hand)
 M - a ring of positive energy
 P - an amulet of regeneration (around neck)
Talismans
 D - a maw talisman (active)
Wands
 m - a wand of iceblast (7)
 p - a wand of flame (33)
 E - a wand of polymorph (12)
 G - a wand of digging (22)
 I - a wand of charming (14)
 K - a wand of light (5)
 X - a wand of mindburst (20)
Scrolls
 g - 2 scrolls of fear {!r}
 n - 2 scrolls of vulnerability
 t - 2 scrolls of immolation
 w - 4 scrolls of blinking
 y - 9 scrolls of teleportation {!r}
 A - 2 scrolls of poison
 B - 2 scrolls of butterflies
 C - 3 scrolls of revelation {!r}
 F - a scroll of torment
 H - 4 scrolls of fog {!r}
 Q - 3 scrolls of identify
Potions
 f - a potion of enlightenment {!q!q}
 k - 4 potions of lignification {!q}
 r - a potion of cancellation {!q}
 s - 4 potions of haste {!q}
 u - 4 potions of curing {!q}
 x - 6 potions of brilliance {!q}
 z - a potion of mutation
 J - a potion of ambrosia {!q}
Miscellaneous
 l - a phantom mirror


   Skills:
 - Level 20.0 Fighting
 - Level 14.0 Long Blades
 - Level 2.2(3.0) Maces & Flails
 - Level 2.2(3.0) Polearms
 - Level 3.0(3.7) Staves
 - Level 5.0 Throwing
 - Level 6.2 Dodging
 - Level 3.0 Stealth
 + Level 11.6 Shields
 - Level 6.0 Invocations
 + Level 10.0 Shapeshifting


You had 16 spell levels left.
You didn't know any spells.
Your spell library contained the following spells:

 Spells                   Type           Power      Damage    Failure   Level
 Apportation              Tloc           0%         N/A       54%         1
 Foxfire                  Conj/Fire      0%         2x1d4     54%         1
 Necrotise                Necr           0%         1d4       54%         1
 Summon Small Mammal      Summ           0%         N/A       54%         1
 Cigotuvi's Dreadful Rot  Necr/Alch/Air  0%         N/A       67%         2
 Jinxbite                 Hex            0%         N/A       67%         2
 Call Canine Familiar     Summ           0%         N/A       88%         3
 Hailstorm                Conj/Ice       0%         3d5       88%         3
 Summon Guardian Golem    Hex/Summ       0%         N/A       88%         3
 Vampiric Draining        Necr           0%         2d6       88%         3
 Volatile Blastmotes      Fire/Tloc      0%         2d10      88%         3
 Fulminant Prism          Conj/Alch      0%         3d5       99%         4
 Ignite Poison            Fire/Alch      0%         N/A       99%         4
 Iskenderun's Mystic Bla  Conj/Tloc      0%         2d3       99%         4
 Manifold Assault         Tloc           0%         N/A       99%         4
 Summon Ice Beast         Ice/Summ       0%         N/A       99%         4
 Agony                    Necr           0%         N/A       100%        5
 Alistair's Intoxication  Alch           0%         N/A       100%        5
 Freezing Cloud           Conj/Ice/Air   0%         6-21      100%        5
 Summon Forest            Summ/Tloc      0%         N/A       100%        5
 Summon Mana Viper        Hex/Summ       0%         N/A       100%        5
 Dispersal                Tloc           0%         N/A       100%        6
 Plasma Beam              Fire/Air       0%         2x1d10    100%        6
 Simulacrum               Ice/Necr       0%         N/A       100%        6
 Starburst                Conj/Fire      0%         6d3       100%        6
 Summon Cactus Giant      Summ           0%         N/A       100%        6
 Monstrous Menagerie      Summ           0%         N/A       100%        7
 Disjunction              Tloc           0%         N/A       100%        8
 Chain Lightning          Conj/Air       0%         N/A       100%        9
 Fire Storm               Conj/Fire      0%         5d1       100%        9
 Shatter                  Erth           0%         3d5*      100%        9


Dungeon Overview and Level Annotations

Branches:
Dungeon (11/15)            Temple (1/1) D:5            Lair (5/5) D:10
  Swamp (3/4) Lair:2       Spider (1/4) Lair:3        Slime (0/5) Lair:5
    Orc (2/2) D:11            Elf (0/3) Orc:2         Sewer (visited)
Ossuary (visited)           IceCv (visited)         Volcano (visited)

Altars:
Ashenzari
Cheibriados
Dithmenos
Elyvilon
Fedhas
Gozag
Hepliaklqana
Kikubaaqudgha
Makhleb
Nemelex Xobeh
Okawaru
Qazlal
Ru
Sif Muna
Trog
Uskayaw
Vehumet
Wu Jian
Xom
Yredelemnul
Zin
The Shining One
Jiyva

Shops:
Orc:1 [   Orc:2 *!(?*

Annotations:
D:5 1 runed translucent door, Crazy Yiuf
D:9 1 exclusion
Swamp:2 exclusion: 3 downstairs
Swamp:3 Nikola


Innate Abilities, Weirdness & Mutations

You are a creature with a mouth for a stomach.
Your midsection houses a second, enormous mouth.
You are too large for most types of armour.
You have a pair of small horns on your head.
You have tough skin. (AC +1)
You gain doubled healing and magic from potions.
Whenever you drink a healing potion, you attack all around you.
You have large cloven feet.
You are partially covered in iridescent scales. (AC +2)


Message History

* * * LOW HITPOINT WARNING * * *
You block the emperor scorpion's attack.
You hit the emperor scorpion. You burn the emperor scorpion.
Your bite misses the emperor scorpion.
The emperor scorpion is severely wounded.
The boulder beetle bites you.
* * * LOW HITPOINT WARNING * * *
You block the emperor scorpion's attack.
The emperor scorpion misses you.
The emperor scorpion claws you but does no damage.
Throw: 7 large rocks
Press: ? - help, Q - select action, (/) - cycle Shift-Dir - straight line, f/p - emperor scorpion
Aim: an emperor scorpion (severely wounded, 77% to hit)
You throw a large rock.
The large rock hits the emperor scorpion!
The emperor scorpion is almost dead.
You block the emperor scorpion's attack. x2
The emperor scorpion claws you but does no damage.
The boulder beetle bites you.
* * * LOW HITPOINT WARNING * * *
The emperor scorpion stings you!!
* * * LOW HITPOINT WARNING * * *
The emperor scorpion claws you.
* * * LOW HITPOINT WARNING * * *
The emperor scorpion claws you.
* * * LOW HITPOINT WARNING * * *
You block the boulder beetle's attack.
Throw: 6 large rocks
Press: ? - help, Q - select action, (/) - cycle Shift-Dir - straight line, f/p - emperor scorpion
Aim: an emperor scorpion (almost dead, 77% to hit)
You throw a large rock.
The large rock hits the emperor scorpion!
The emperor scorpion is almost dead.
The emperor scorpion stings you!
* * * LOW HITPOINT WARNING * * *
You block the emperor scorpion's attack.
The emperor scorpion claws you!
* * * LOW HITPOINT WARNING * * *
You block the boulder beetle's attack. The emperor scorpion stings you!!
You die...

##...##.....##..
#####..#####
#######...###.. ##..#
##.#....###...## #...#
#.......##..... # #...#
##..######..#.## .# ##..#
##...###......##.# ...#
#^...##..#.=....## ....
###...##..#....$.# ##.#..
#......##.W##### ########
##....###B#s# #^.#.#.#
####.##.#..... ##......
#..###..#..#.^.. #...#.##
#.......#..##########..####
#.......#.##.#.#....#..#.#^
###....##..........^.#..†..
####..#####.##.^####.#### #
#..........^...†........


You could see an emperor scorpion and a boulder beetle.

Vanquished Creatures
  A thorn hunter (Swamp:1)
  Gastronok (D:9)
  A fenstrider witch (Swamp:2)
  A frost giant (IceCv)
  Louise (Swamp:1)
  4 eleionomae
  A red draconian (Volcano)
  Josephine (Orc:1)
  Harold (Lair:1)
  A rakshasa (D:11)
  A ghost crab (Swamp:2)
  2 hydras (Lair:3)
  A jorogumo (Spider:1)
  3 alligators (Swamp:2)
  2 two-headed ogres (Orc:2)
  A centaur warrior (D:9)
  4 catoblepae
  A boulder beetle (Spider:1)
  16 death yaks
  A tengu warrior (D:9)
  A demonic crawler (Spider:1)
  3 orc high priests (Orc:2)
  A salamander mystic (Volcano)
  A pharaoh ant (Spider:1)
  A skyshark (Lair:3)
  2 goliath frogs (Swamp:2)
  An orb spider (Lair:3)
  3 swamp dragons (Swamp:2)
  2 spriggan druids
  3 bog bodies
  2 steelbarb worms (Spider:1)
  5 orc knights (Orc:2)
  A lindwurm (Lair:2)
  3 will-o-the-wisps (Swamp:2)
  5 orc sorcerers
  An ugly thing (D:9)
  4 cyclopes
  2 wolf spiders (Lair:2)
  Maurice (D:7)
  2 manticores (Lair:5)
  4 salamanders (Volcano)
  A moth of wrath (Spider:1)
  A black mamba (Lair:2)
  An ice statue (IceCv)
  Joseph (D:7)
  7 kobold blastminers
  4 molten gargoyles (Volcano)
  2 gargoyles (Volcano)
  10 cane toads
  A torpor snail (Lair:4)
  13 komodo dragons
  3 rime drakes
  An efreet (Volcano)
  3 meliai (Spider:1)
  A bloated husk (Swamp:2)
  3 tyrant leeches
  3 hornets
  3 trolls
  9 polar bears (IceCv)
  A tarantella (Spider:1)
  12 blink frogs
  5 spriggans
  4 wyverns
  74 yaks
  7 wraiths
  Eustachio (D:4)
  2 vampire mosquitoes (D:11)
  5 redbacks (Spider:1)
  2 basilisks
  10 swamp worms
  16 water moccasins
  Duvessa (D:5)
  19 orc warriors
  4 swamp drakes (Swamp:2)
  3 ice beasts
  2 black bears
  8 ogres
  A sky beast (D:7)
  A boggart (D:11)
  23 wolves
  6 centaurs
  6 kobold brigands
  A phantom (D:6)
  11 bullfrogs
  A gnoll sergeant (D:6)
  A scorpion (D:6)
  6 wights
  Dowan (D:5)
  16 orc priests
  3 hounds
  2 jellies (D:6)
  A gnoll bouda (D:10)
  4 iguanas
  A sleepcap (D:6)
  4 hell rats (Lair:1)
  21 orc wizards
  Terence (D:3)
  8 mummies (Ossuary)
  14 gnolls
  10 adders
  A shadow imp (D:5)
  2 white imps
  A bombardier beetle (D:4)
  2 worms (D:5)
  A dart slug (D:1)
  61 orcs
  3 endoplasms
  14 giant cockroaches
  9 goblins
  6 hobgoblins
  4 jackals (D:3)
  11 kobolds
  9 quokkas
  11 ball pythons
  3 bats (D:3)
  9 frilled lizards
  2 gnoll zombies (Ossuary)
  A hobgoblin zombie (Ossuary)
  3 kobold zombies (Ossuary)
  2 orc zombies (Ossuary)
  3 rats
637 creatures vanquished.

Vanquished Creatures (collateral kills)
  A kobold blastminer (Orc:2)
  2 orc warriors (Orc:2)
  2 orc wizards (Orc:2)
  2 orcs (Orc:2)
7 creatures vanquished.

Vanquished Creatures (others)
  A death yak (IceCv)
  3 bloated husks
  An orc warrior (Orc:2)
  An orc priest (Orc:2)
  10 foxfires (Swamp:2)
16 creatures vanquished.

Grand Total: 660 creatures vanquished

Notes
Turn   | Place    | Note
-------+----------+-------------------------------------------
     0 | D:1      | sdynet the Oni Gladiator began the quest for the Orb.
     0 | D:1      | Reached XP level 1. HP: 22/22 MP: 1/1
   152 | D:1      | Reached skill level 3 in Fighting
   172 | D:1      | Reached XP level 2. HP: 30/31 MP: 2/2
   186 | D:1      | Reached skill level 1 in Stealth
   966 | D:2      | Reached XP level 3. HP: 37/37 MP: 3/3
   995 | D:2      | Found a faded altar of an unknown god.
  1362 | D:3      | Reached XP level 4. HP: 30/48 MP: 4/4
  1363 | D:3      | Reached skill level 4 in Fighting
  1580 | D:3      | Found a blossoming altar of Fedhas.
  1669 | D:3      | Found an ornate altar of the Wu Jian Council.
  1782 | D:3      | Noticed Terence
  1786 | D:3      | Killed Terence
  1787 | D:3      | Reached skill level 5 in Fighting
  1787 | D:3      | Reached XP level 5. HP: 57/57 MP: 5/5
  2148 | D:4      | Found a sparkling altar of Nemelex Xobeh.
  2150 | D:4      | Found a stormy altar of Qazlal.
  2152 | D:4      | Found a hide-covered altar of Uskayaw.
  2156 | D:4      | Became a worshipper of Uskayaw the Reveller
  2170 | D:4      | Reached * piety under Uskayaw
  2173 | D:4      | Reached skill level 1 in Invocations
  2226 | D:4      | Found a shimmering blue altar of Sif Muna.
  2247 | D:4      | Reached ** piety under Uskayaw
  2358 | D:4      | Reached skill level 6 in Fighting
  2358 | D:4      | Reached XP level 6. HP: 67/67 MP: 7/7
  2367 | D:4      | Noticed Eustachio
  2383 | D:4      | Killed Eustachio
  2384 | D:4      | Reached skill level 7 in Fighting
  2469 | D:4      | Reached *** piety under Uskayaw
  2471 | D:4      | Found an iron altar of Okawaru.
  2494 | D:5      | Entered Level 5 of the Dungeon
  2504 | D:5      | Found a sand-covered staircase.
  2510 | D:5      | Noticed a black bear
  2514 | D:5      | Killed a black bear
  2515 | D:5      | Reached skill level 8 in Fighting
  2515 | D:5      | Reached XP level 7. HP: 80/80 MP: 9/9
  2532 | Ossuary  | Entered an ossuary
  2567 | Ossuary  | Reached **** piety under Uskayaw
  2580 | Ossuary  | Reached ***** piety under Uskayaw
  2920 | D:5      | Reached skill level 9 in Fighting
  2923 | D:5      | Found a glowing drain.
  2933 | Sewer    | Entered a sewer
  3144 | Sewer    | Reached skill level 1 in Polearms
  3147 | Sewer    | Identified the +10 mace "Wyruwuta" {freeze, rF+ Int+5}
  3163 | D:5      | Reached XP level 8. HP: 92/92 MP: 10/10
  3278 | D:5      | Noticed Dowan
  3279 | D:5      | Noticed Duvessa
  3288 | D:5      | Killed Duvessa
  3288 | D:5      | Killed Dowan
  3289 | D:5      | Reached skill level 10 in Fighting
  3307 | D:5      | Found a staircase to the Ecumenical Temple.
  3319 | Temple   | Entered the Ecumenical Temple
  3474 | D:5      | Reached skill level 11 in Fighting
  3904 | D:5      | Found a runed translucent door.
  3905 | D:5      | Noticed Crazy Yiuf
  4073 | D:6      | Noticed a yak
  4074 | D:6      | Noticed a yak
  4218 | D:6      | Reached skill level 12 in Fighting
  4349 | D:6      | Reached XP level 9. HP: 104/109 MP: 11/11
  4381 | D:6      | Reached skill level 13 in Fighting
  4445 | D:6      | Reached skill level 14 in Fighting
  5037 | D:7      | Noticed Joseph
  5046 | D:7      | Killed Joseph
  5047 | D:7      | Reached skill level 15 in Fighting
  5203 | D:7      | Noticed Maurice
  5206 | D:7      | Maurice stole a +2 whip of pain
  5209 | D:7      | Killed Maurice
  5210 | D:7      | Reached skill level 16 in Fighting
  5210 | D:7      | Reached XP level 10. HP: 124/128 MP: 12/12
  5641 | D:7      | Found a burning altar of Makhleb.
  5641 | D:7      | Noticed a blizzard demon
  5644 | D:7      | Noticed an orange demon
  5644 | D:7      | Noticed an orange demon
  5797 | D:8      | Reached skill level 17 in Fighting
  6169 | D:8      | Found a bloodstained altar of Trog.
  6928 | D:9      | Noticed Gastronok
  6938 | D:9      | Killed Gastronok
  6939 | D:9      | Reached skill level 18 in Fighting
  7118 | D:9      | Noticed a centaur warrior
  7125 | D:9      | Killed a centaur warrior
  7126 | D:9      | Reached skill level 19 in Fighting
  7239 | D:9      | Noticed a white ugly thing
  7244 | D:9      | Killed a white ugly thing
  7245 | D:9      | Reached XP level 11. HP: 145/145 MP: 13/13
  7248 | D:9      | Noticed a tengu warrior
  7464 | D:10     | Entered Level 10 of the Dungeon
  7578 | D:9      | Noticed a cyan ugly thing
  7578 | D:9      | Noticed a manticore
  7599 | D:9      | Killed a tengu warrior
  8114 | D:10     | Reached skill level 20 in Fighting
  8130 | D:10     | Reached skill level 5 in Dodging
  8389 | D:10     | Found a staircase to the Lair.
  8575 | D:11     | Found a staircase to the Orcish Mines.
  8689 | D:11     | Reached skill level 1 in Shields
  8806 | D:11     | Identified the +0 ring mail of Meta {rC++}
  8921 | D:11     | Noticed a cyclops
  8942 | D:11     | Killed a cyclops
  9045 | D:11     | Noticed a rakshasa
  9059 | D:11     | Killed a rakshasa
  9368 | D:11     | Reached skill level 5 in Shields
  9434 | Orc:1    | Entered Level 1 of the Orcish Mines
  9443 | D:11     | Reached XP level 12. HP: 139/157 MP: 14/14
  9522 | Lair:1   | Entered Level 1 of the Lair of Beasts
  9547 | Lair:1   | Reached ****** piety under Uskayaw
  9692 | Lair:1   | Reached skill level 1 in Maces & Flails
  9802 | Lair:1   | Noticed Harold
  9810 | Lair:1   | Killed Harold
 10815 | Lair:2   | Reached skill level 5 in Invocations
 10832 | Lair:2   | Found a staircase to the Swamp.
 10833 | Lair:2   | Noticed an eleionoma
 10874 | Lair:2   | Killed an eleionoma
 11189 | Lair:2   | Reached skill level 10 in Shields
 11192 | Lair:2   | Reached XP level 13. HP: 84/165 MP: 17/17
 11712 | Lair:3   | Found a dark tunnel.
 11722 | Volcano  | Entered a volcano
 11923 | Volcano  | Noticed a red draconian
 12049 | Volcano  | Gained mutation: You have large cloven feet. [potion of
                  | mutation]
 12049 | Volcano  | Gained mutation: You are partially covered in iridescent
                  | scales. (AC +2) [potion of mutation]
 12091 | Volcano  | Noticed an orb of fire
 12106 | Volcano  | Reached skill level 1 in Long Blades
 12106 | Volcano  | Reached skill level 5 in Throwing
 12143 | Volcano  | Noticed an orb of fire
 12156 | Volcano  | Killed a red draconian
 12574 | Lair:3   | Found a hole to the Spider Nest.
 13086 | Lair:4   | Found a frozen archway.
 13096 | IceCv    | Entered an ice cave
 13108 | IceCv    | Reached skill level 5 in Long Blades
 13279 | IceCv    | Identified the +6 shortbow of Crawling {heavy, Int+3}
 13404 | IceCv    | Reached XP level 14. HP: 175/175 MP: 18/18
 13486 | IceCv    | Noticed a frost giant
 13500 | IceCv    | Killed a frost giant
 14095 | Lair:4   | Found a bloodstained altar of Trog.
 14409 | Lair:4   | Reached skill level 10 in Long Blades
 14633 | Lair:5   | Entered Level 5 of the Lair of Beasts
 14923 | Lair:5   | Found a staircase to the Slime Pits.
 14923 | Lair:5   | Found a viscous altar of Jiyva.
 15732 | Lair:5   | Reached XP level 15. HP: 124/183 MP: 19/19
 15843 | Lair:5   | Identified the staff of the Grinning Scavenger {rPois Int+7
                  | Alchemy}
 16109 | Orc:1    | Noticed Josephine
 16117 | Orc:1    | Killed Josephine
 16519 | Orc:2    | Entered Level 2 of the Orcish Mines
 16779 | Orc:2    | Found Lekouxap's General Store.
 16779 | Orc:2    | Found Cahyn's Distillery.
 16781 | Orc:2    | Found Jojof's Magic Scroll Shop.
 16781 | Orc:2    | Found Setrots's Antique Weapon Emporium.
 16801 | Orc:2    | Bought a potion of experience for 550 gold pieces
 16801 | Orc:2    | Reached skill level 5 in Shapeshifting
 16801 | Orc:2    | Reached XP level 16. HP: 105/192 MP: 20/20
 16831 | Orc:2    | Found Vebum's Assorted Antiques.
 16909 | Orc:2    | Bought a scroll labelled ICEPSU KEOGUXI for 33 gold pieces
 16909 | Orc:2    | Bought a scroll labelled CINKEIG UT DOQ for 33 gold pieces
 17058 | Orc:1    | Found Nele's Antique Armour Emporium.
 17082 | Orc:1    | Bought a runed cloak for 210 gold pieces
 17188 | Orc:2    | Found a staircase to the Elven Halls.
 17480 | Orc:2    | Bought a phantom mirror for 480 gold pieces
 17480 | Orc:2    | Bought a wand of light (6) for 302 gold pieces
 17480 | Orc:2    | Bought a scroll of fear for 48 gold pieces
 17480 | Orc:2    | Bought a scroll of identify for 24 gold pieces
 17480 | Orc:2    | Bought a potion of curing for 36 gold pieces
 17482 | Orc:2    | Bought a scroll of immolation for 56 gold pieces
 17482 | Orc:2    | Bought a scroll of poison for 56 gold pieces
 17482 | Orc:2    | Bought a scroll of immolation for 56 gold pieces
 17482 | Orc:2    | Bought a scroll of enchant weapon for 105 gold pieces
 17483 | Orc:2    | Bought a scroll of torment for 133 gold pieces
 17483 | Orc:2    | Bought a scroll of identify for 28 gold pieces
 17483 | Orc:2    | Bought a scroll of identify for 28 gold pieces
 17654 | Swamp:1  | Entered Level 1 of the Swamp
 17714 | Swamp:1  | Found a shadowy altar of Dithmenos.
 17743 | Swamp:1  | Noticed a thorn hunter
 17763 | Swamp:1  | Killed a thorn hunter
 18078 | Swamp:1  | Noticed Louise
 18104 | Swamp:1  | Killed Louise
 18288 | Swamp:2  | Noticed a fenstrider witch
 18297 | Swamp:2  | Killed a fenstrider witch
 18486 | Swamp:2  | Identified a scroll of acquirement
 18518 | Swamp:2  | Acquired 699 gold pieces
 19160 | Swamp:3  | Noticed Nikola
 19241 | Spider:1 | Entered Level 1 of the Spider Nest
 19451 | Spider:1 | Reached XP level 17. HP: 138/201 MP: 21/21
 19510 | Spider:1 | Reached skill level 10 in Shapeshifting
 19649 | Spider:1 | HP: 6/201 [emperor scorpion (7)]
 19649 | Spider:1 | Demolished by an emperor scorpion

Illustrated notes

Levels and vault maps discovered:
D:1:      onia_arrival_mini_maze_b, layout_basic
D:2:      layout_basic, shapermc_ecumenical_altar_acropolis,
          small_statue_intersection, minmay_misc_feat_enclosed
D:3:      layout_rooms, fedhas_altar_1, nicolae_wu_jian_immortal_techniques,
          uniq_terence
D:4:      layout_cave_pools, mainiacjoe_overflow_paths,
          grunt_temple_overflow_diamond, okawaru_altar_gauntlet_db,
          chequers_serial_rivers_marsh, uniq_eustachio
D:5:      layout_basic, temple_statues, cheibrodos_sewer_entry_bend,
          enter_ossuary_1, uniq_crazy_yiuf_cottage, uniq_duvessa
D:6:      layout_cave_pods
D:7:      layout_basic, makhleb_altar_promises_db, uniq_joseph, uniq_maurice
D:8:      layout_basic, mainiacjoe_overflow_six_doors_small, serial_glass,
          glass_columns_b, glass_columns_c, glass_columns_c, glass_columns_b
D:9:      layout_cave_pools, minmay_evil_grid, uniq_gastronok
D:10:     layout_long_grid, david_lair_shrubbed
D:11:     layout_loops_ring, kennysheep_orc_monster_closet_entryway
Temple:   nicolae_temple_figure_eight
Lair:1:   layout_small_grid, uniq_harold
Lair:2:   layout_hall_layers, alex1729_swamp_entry_worm_eleionoma,
          nicolae_lair_run_with_the_wolves
Lair:3:   layout_regular_city, nicolae_spider_entry_orb_guardian,
          nicolae_volcano_entry_hallway, worms_lemuel
Lair:4:   layout_gridlike, portal_ice_cave_entry_pillars_1, basic_altar
Lair:5:   evilmike_catoblepas_cave, layout_regular_city, slime_entry_1
Swamp:1:  cheibrodos_swamp_tower_of_moss, layout_basic_swamp, basic_altar,
          uniq_louise
Swamp:2:  nicolae_swamp_husk_halls, layout_basic_swamp,
          nicolae_swamp_stair_fork, swamp_pool_5, hangedman_swamp_cone,
          infiniplex_staircase_pool
Swamp:3:  layout_falls_marsh, infiniplex_staircase_pool_2, uniq_nikola
Spider:1: nicolae_spider_hilbert_zone_5 [nicolae_spider_hilbert_3_sides_1_open,
          nicolae_spider_hilbert_4_sides_1_open,
          nicolae_spider_hilbert_4_sides_1_open,
          nicolae_spider_hilbert_6_sides_1_open,
          nicolae_spider_hilbert_6_sides_1_open], uniq_jorgrun
Orc:1:    layout_caves, serial_shops, nicolae_shop_tiny_waterfront,
          uniq_josephine
Orc:2:    grunt_orc_tribal_feast, layout_caves, serial_shops, shop

Skill      XL: |  1  2  3  4  5  6  7  8  9 10 11 12 13 14 15 16 17 |
---------------+----------------------------------------------------+-----
Fighting       | 3 5 6 8 9 12 16 19 20 | 20.0
Stealth        | 1 2 3 |  3.0
Invocations    | 2 3 6 |  6.0
Polearms       | 1 2 |  2.2
Dodging        | 3 6 |  6.2
Shields        | 5 10 11 | 11.6
Maces & Flails | 2 |  2.2
Throwing       | 5 |  5.0
Long Blades    | 6 12 14 | 14.0
Shapeshifting  | 5 9 10 | 10.0
Staves         | |  3.0

Action                     |  1- 3 |  4- 6 |  7- 9 | 10-12 | 13-15 | 16-18 || total
---------------------------+-------+-------+-------+-------+-------+-------++-------
  Melee: Quarterstaff      |    56 |    73 |    69 |       |       |       ||   198
         Headbutt          |     7 |    12 |    16 |    73 |   160 |    74 ||   342
         Short sword       |       |    11 |       |       |       |       ||    11
         Mace              |       |       |    86 |   334 |    93 |       ||   513
         Unarmed           |       |       |     1 |       |       |       ||     1
         Punch             |       |       |     1 |       |       |       ||     1
         War axe           |       |       |       |    23 |       |       ||    23
         Scimitar          |       |       |       |       |   445 |   247 ||   692
         Kick              |       |       |       |       |   210 |    99 ||   309
         Maw               |       |       |       |       |       |    22 ||    22
   Fire: Sling             |     1 |       |       |       |       |       ||     1
  Throw: Large rock        |     1 |       |     1 |     1 |    75 |    45 ||   123
         Throwing net      |     1 |       |     1 |     4 |       |     1 ||     7
         Dart              |       |     2 |    15 |    34 |   103 |    12 ||   166
         Javelin           |       |       |       |       |     6 |     1 ||     7
 Invoke: Stomp             |       |       |     1 |     2 |     9 |       ||    12
         Line Pass         |       |       |       |       |     1 |       ||     1
  Evoke: Wand              |       |     2 |    23 |    51 |    20 |     7 ||   103
    Use: Potion            |     5 |       |     4 |     3 |    15 |     1 ||    28
         Scroll            |       |     7 |     4 |    14 |    10 |     6 ||    41
   Stab: Sleeping          |     4 |     5 |     3 |     2 |     8 |     3 ||    25
         Held in net/web   |     1 |       |       |     1 |       |       ||     2
         Paralysed         |       |     2 |     4 |    30 |    50 |    19 ||   105
         Invisible         |       |       |       |     2 |     2 |       ||     4
 Armour: Robe              |    52 |    51 |   130 |   337 |   457 |   122 ||  1149
         Skin              |       |       |       |       |       |    89 ||    89
  Dodge: Dodged            |    35 |    46 |    82 |   168 |   221 |    71 ||   623
  Block: Kite shield       |       |       |       |   131 |   451 |   148 ||   730
   Form: Maw               |       |       |       |       |       |     1 ||     1

Table legend: (Time is in decaauts)
 A = Elapsed time spent in this place.
 B = Non-inter-level travel time spent in this place.
 C = Inter-level travel time spent in this place.
 D = Time resting spent in this place.
 E = Time spent auto-exploring this place.
 F = Levels seen in this place.
 G = Mean time per level.
                   A        B        C        D        E       F      G
               +--------+--------+--------+--------+--------+-----+--------+
         Total |  20141 |  18292 |   1849 |   2378 |   9652 |  27 |  746.0 |
       Dungeon |   9526 |   8333 |   1193 |   1300 |   4391 |  11 |  866.0 |
        Temple |    139 |    139 |      0 |    138 |      0 |   1 |  139.0 |
          Lair |   5153 |   4799 |    354 |    386 |   2819 |   5 | 1030.6 |
         Swamp |   1538 |   1382 |    156 |     90 |    872 |   3 |  512.7 |
   Spider Nest |    398 |    398 |      0 |     49 |    232 |   1 |  398.0 |
  Orcish Mines |   1349 |   1205 |    144 |      0 |    825 |   2 |  674.5 |
         Sewer |    233 |    233 |      0 |      0 |     41 |   1 |  233.0 |
       Ossuary |    225 |    225 |      0 |     22 |     80 |   1 |  225.0 |
      Ice Cave |   1001 |   1001 |      0 |    241 |    299 |   1 | 1001.0 |
       Volcano |    576 |    576 |      0 |    151 |     93 |   1 |  576.0 |
               +--------+--------+--------+--------+--------+-----+--------+

Top non-repeatable levels by time:
  Lair:5: 1213 daAuts
     D:6: 1153 daAuts
    D:11: 1143 daAuts
    D:10: 1121 daAuts
     D:5: 1108 daAuts
  Lair:1: 1087 daAuts
  Lair:3: 1065 daAuts
  Lair:2: 1052 daAuts
   IceCv: 1001 daAuts
     D:9: 939 daAuts
     D:1: 936 daAuts
 Swamp:2: 927 daAuts
     D:8: 910 daAuts
   Orc:2: 845 daAuts
  Lair:4: 734 daAuts
